 Dungeon Crawl Stone Soup version 0.25.1-2-g60ff931df9 (webtiles) character file.

Game seed: 1812196237665644643

655 hellfireifrit the Skirmisher (level 7, -6/54 HPs)
             Began as a Purple Draconian Berserker on Nov 1, 2020.
             Was a Priest of Trog.
             Mangled by Menkaure (13 damage)
             ... on level 4 of the Dungeon.
             The game lasted 00:29:03 (2662 turns).

hellfireifrit the Skirmisher (DrBe)                 Turns: 2662, Time: 00:29:04

Health: -6/54      AC:  7    Str: 24    XL:     7   Next: 29%
Magic:  7/7        EV: 13    Int:  7    God:    Trog [***...]
Gold:   182        SH:  0    Dex: 10    Spells: 6/6 levels left

rFire    . . .     SeeInvis .   t - +0 scythe
rCold    . . .     Gourm    .   (shield currently unavailable)
rNeg     . . .     Faith    .   (armour unavailable)
rPois    .         Spirit   .   (helmet restricted)
rElec    .         Reflect  .   k - +0 cloak
rCorr    .         Harm     .   (no gloves)
MR       +++..                  (no boots)
Stlth    ++........             (no amulet)
HPRegen  1.18/turn              (no ring)
MPRegen  0.10/turn              (no ring)

@: lethally poisoned (-6 -> -6), regenerating
A: breathe power, unfitting armour, big wings, frail 1, strong 1, cold-blooded,
AC +6
a: Breathe Dispelling Energy, Fly, Berserk, Trog's Hand, Renounce Religion


You were on level 4 of the Dungeon.
You worshipped Trog.
Trog was most pleased with you.
You were not hungry.

You visited 1 branch of the dungeon, and saw 4 of its levels.

You collected 182 gold pieces.

Inventory:

Hand Weapons
 a - a +0 hand axe
 g - a +0 dagger
 h - a +0 whip of electrocution
 i - a +2 quarterstaff of chaos
 l - a +0 mace
 n - a +0 giant spiked club
 s - a +0 dagger of chaos
 t - a +0 scythe (weapon)
Armour
 d - a +3 chain mail
 k - a +0 cloak (worn)
 r - a +0 kite shield
Scrolls
 e - 2 scrolls of remove curse
 p - a scroll of immolation
Potions
 c - 2 potions of brilliance
 f - a potion of stabbing
 j - a potion of heal wounds
 m - a potion of degeneration {unknown}
 o - a potion of cancellation {unknown}
 q - a potion of mutation
Comestibles
 b - 4 rations
 u - 2 chunks of flesh


   Skills:
 + Level 5.2 Fighting
 + Level 4.9(5.5) Axes
 + Level 3.7(4.9) Maces & Flails
 + Level 4.4 Dodging
 + Level 1.5 Stealth


You had 6 spell levels left.
You didn't know any spells.
Your spell library contained the following spells:

 Spells                   Type           Power        Failure   Level  Hunger
 Animate Skeleton         Necr           N/A          43%         1    ##.....
 Apportation              Tloc           #.....       43%         1    ##.....
 Corona                   Hex            #......      43%         1    ##.....
 Summon Small Mammal      Summ           #...         43%         1    ##.....


Dungeon Overview and Level Annotations

Branches:
Dungeon (4/15)
 Temple: D:4-7

Altars:
Sif Muna
Wu Jian
Xom

Annotations:
D:4 Menkaure


Innate Abilities, Weirdness & Mutations

You can breathe bolts of dispelling energy.
Your rich purple scales are hard. (AC +6)
You cannot fit into any form of body armour.
You are cold-blooded and may be slowed by cold attacks.
Your large and strong wings let you fly indefinitely.
You are frail. (-10% HP)
Your muscles are strong. (Str +2)


Message History

Menkaure seems to speed up.
Menkaure blazes with dark energy!
You feel sick.
Menkaure calls on the powers of darkness!
Your body is wracked with pain!
* * * LOW HITPOINT WARNING * * *
Menkaure calls on the powers of darkness!
Your body is wracked with pain!
* * * LOW HITPOINT WARNING * * *
Attack whom?
Press: ? - help, Dir - move target cursor, f - Menkaure
Aim: Menkaure (fast)
You reach to attack!
You hit Menkaure but do no damage.
You feel sick.
Menkaure calls on the powers of darkness!
Your body is wracked with pain!
* * * LOW HITPOINT WARNING * * *
You slash Menkaure!
Menkaure is severely damaged.
Menkaure closely misses you. Menkaure hits you!
You die...

#.##############
#...........#..>
#.......#.## #####
#..#........
#@M.###..#.##.#.##
#.#...........#.##
#......###.#####.#...
#.###### #.# #.#### #
#.. ..# # #### ### #
# . #


You could see Menkaure (fast).

Vanquished Creatures
  Sigmund (D:3)
  An ogre (D:2)
  4 crimson imps (D:3)
  2 orc priests (D:3)
  Crazy Yiuf (D:2)
  An orc wizard (D:3)
  Robin (D:2)
  7 adders
  A gnoll (D:1)
  A worm (D:2)
  A dart slug (D:1)
  3 leopard geckos
  5 orcs (D:3)
  A ball python (D:1)
  10 bats
  A giant cockroach (D:2)
  10 goblins
  7 hobgoblins
  14 jackals
  A quokka (D:2)
  4 frilled lizards
  3 kobolds
  3 rats
83 creatures vanquished.

Notes
Turn   | Place    | Note
-------+----------+-------------------------------------------
     0 | D:1      | hellfireifrit the Draconian Berserker began the quest for
                  | the Orb.
     0 | D:1      | Reached XP level 1. HP: 19/19 MP: 1/1
    67 | D:1      | Reached XP level 2. HP: 23/26 MP: 2/2
   427 | D:1      | Reached XP level 3. HP: 30/33 MP: 3/3
   621 | D:2      | Noticed Robin
   630 | D:2      | Reached ** piety under Trog
   643 | D:2      | Killed Robin
   766 | D:2      | Found a shimmering blue altar of Sif Muna.
   844 | D:2      | Reached skill level 4 in Fighting
   949 | D:2      | Found a runed translucent door.
   950 | D:2      | Noticed Crazy Yiuf
   970 | D:2      | Killed Crazy Yiuf
   970 | D:2      | Reached XP level 4. HP: 14/40 MP: 4/4
  1214 | D:2      | Noticed an ogre
  1221 | D:2      | Killed an ogre
  1221 | D:2      | Reached XP level 5. HP: 40/47 MP: 5/5
  1254 | D:2      | Found an ornate altar of the Wu Jian Council.
  1513 | D:3      | Reached skill level 1 in Maces & Flails
  1530 | D:3      | Reached skill level 1 in Stealth
  1595 | D:3      | Reached XP level 6. HP: 14/53 MP: 6/6
  2053 | D:3      | Reached *** piety under Trog
  2087 | D:3      | Noticed Sigmund
  2105 | D:3      | Found a shimmering altar of Xom.
  2230 | D:3      | Gained mutation: Your large and strong wings let you fly
                  | indefinitely. [potion of mutation]
  2230 | D:3      | Gained mutation: You are frail. (-10% HP) [potion of
                  | mutation]
  2230 | D:3      | Gained mutation: Your muscles are strong. (Str +2) [potion
                  | of mutation]
  2244 | D:4      | Noticed Menkaure
  2527 | D:3      | Killed Sigmund
  2527 | D:3      | Reached skill level 5 in Fighting
  2527 | D:3      | Your scales start taking on a rich purple colour.
  2527 | D:3      | Reached XP level 7. HP: 54/54 MP: 7/7
  2662 | D:4      | Mangled by Menkaure

Illustrated notes

Levels and vault maps discovered:
D:1:      erik_arrival_triangle_large, layout_rooms
D:2:      layout_loops_ring, old_standard_altar, old_standard_altar,
          uniq_crazy_yiuf_cottage, uniq_robin
D:3:      layout_rooms, first_ration, glass_columns_a, led_xom_imps,
          uniq_sigmund
D:4:      layout_loops_cross, marbit_many_paths, kennysheep_mini_moat,
          serial_shops, shop_fountains, gammafunk_ghost_nasty_kobolds,
          minmay_distorted, uniq_menkaure

Skill      XL: |  1  2  3  4  5  6 |
---------------+-------------------+-----
Dodging        | 3 4 |  4.4
Fighting       | 4 5 |  5.2
Axes           | 4 |  4.9
Maces & Flails | 1 3 |  3.7
Stealth        | 1 |  1.5

Action                   |  1- 3 |  4- 6 |  7- 9 || total
-------------------------+-------+-------+-------++-------
Melee: Hand axe          |    60 |       |       ||    60
       Tailslap          |    20 |    11 |       ||    31
       Whip              |    29 |   146 |       ||   175
       Scythe            |       |       |     7 ||     7
Invok: Trog's Hand       |     1 |     2 |     1 ||     4
       Berserk           |     1 |     2 |       ||     3
  Use: Scroll            |     5 |     1 |       ||     6
       Potion            |       |     4 |       ||     4
 Stab: Sleeping          |       |     1 |     1 ||     2
  Eat: Ration            |       |     3 |     1 ||     4
Armor: Skin              |    46 |    37 |     1 ||    84
Dodge: Dodged            |    72 |   116 |     9 ||   197
